 Dungeon Crawl Stone Soup version 0.32-a0-43-g058985b (webtiles) character file.

Game seed: 18427888002739128243

11067 Dorkslayer the Grappler (level 11, -16/104 HPs)
             Began as a Troll Fighter on Feb 3, 2024.
             Was an Initiate of Gozag.
             Demolished by a two-headed ogre
             ... wielding a +0 giant spiked club
              (27 damage)
             ... while paralysed by an ogre mage
             ... on level 2 of the Orcish Mines.
             The game lasted 00:33:23 (8410 turns).

Dorkslayer the Grappler (Troll Fighter)             Turns: 8410, Time: 00:33:24

Health: -16/104    AC: 11    Str: 30    XL:     11   Next: 44%
Magic:  10/10      EV:  1    Int: 17    God:    Gozag
Gold:   2475       SH:  0    Dex: 10    Spells: 10/10 levels left

rFire   . .          .
                       - Unarmed
rCold   x . .        b - +4 kite shield
rNeg    + . .        D - +1 robe {rN+}
rPois   +            A - +0 hat
rElec   .            o - +3 cloak "Itear" {Fly rPois rC- Int+6}
rCorr   .            (gloves unavailable)
SInv    .            (boots unavailable)
Will    +....        (no amulet)
Stlth   ++           E - ring "Foboc" {Will+ Str+3 Int+3}
HPRegen 1.17/turn    v - +5 ring of evasion
MPRegen 0.12/turn

%: no passive effects
@: paralysed, gold aura, flying
A: large, unfitting armour, claws 3, regeneration 1, shaggy fur 1, tough skin 1,
iridescent scales 1, clever 1, evolution 1, subdued magic 1
a: Renounce Religion, Potion Petition, Call Merchant, Bribe Branch


You were on level 2 of the Orcish Mines.
You worshipped Gozag.
Gozag was most pleased with you.
You visited 3 branches of the dungeon, and saw 12 of its levels.

You collected 2799 gold pieces.
You spent 135 gold pieces at shops.
You paid 189 gold pieces to Gozag.

Inventory:

Hand Weapons
 c - a +2 heavy broad axe
 C - a +0 vampiric war axe
Missiles
 a - 6 boomerangs
 k - 2 javelins (quivered)
 y - a throwing net
Armour
 b - a +4 kite shield (worn)
 o - the +3 cloak "Itear" (worn) {Fly rPois rC- Int+6}
   (You acquired it on level 4 of the Dungeon)

   Int+6:     It affects your intelligence (+6).
   rC-:       It makes you vulnerable to cold.
   rPois:     It protects you from poison Fly: It grants you flight.
 A - a +0 hat (worn)
 D - a +1 robe of positive energy (worn)
Jewellery
 d - a +6 ring of strength
 n - a ring of flight
 v - a +5 ring of evasion (right claw)
 w - a +6 ring of dexterity
 E - the ring "Foboc" (left claw) {Will+ Str+3 Int+3}
   (You found it on level 9 of the Dungeon)

   [ring of willpower]

   Str+3:     It affects your strength (+3).
   Int+3:     It affects your intelligence (+3).
   Will+:     It increases your willpower.
Talismans
 t - a flux talisman
Wands
 h - a wand of iceblast (16)
 s - a wand of flame (19)
Scrolls
 i - 2 scrolls of identify
 m - 3 scrolls of teleportation
 p - a scroll of fog
 q - a scroll of blinking
 B - a scroll of fear
 F - a scroll of noise
 G - 2 scrolls of poison
Potions
 e - 3 potions of mutation
 f - a potion of haste
 g - 2 potions of brilliance
 l - 3 potions of curing
 r - a potion of resistance
 u - 2 potions of berserk rage
 x - a potion of heal wounds
 z - 2 potions of enlightenment


   Skills:
 * Level 5.6 Fighting
 * Level 4.2 Axes
 + Level 1.4 Throwing
 + Level 4.2 Dodging
 + Level 1.9 Stealth
 + Level 5.9 Shields
 * Level 12.8 Unarmed Combat
 * Level 3.3 Evocations
 * Level 3.5 Shapeshifting


You had 10 spell levels left.
You didn't know any spells.
Your spell library contained the following spells:

 Spells                   Type           Power      Damage    Failure   Level
 Sandblast                Erth           0%         2d4       34%         1
 Ensorcelled Hibernation  Hex/Ice        0%         N/A       47%         2
 Fugue of the Fallen      Necr           0%         N/A       73%         3
 Inner Flame              Hex/Fire       0%         N/A       73%         3
 Passwall                 Erth           0%         N/A       73%         3
 Swiftness                Air            0%         N/A       73%         3
 Anguish                  Hex/Necr       0%         N/A       98%         4
 Flame Wave               Conj/Fire      0%         2d4       98%         4
 Sticky Flame             Fire/Alch      0%         2d4       98%         4


Dungeon Overview and Level Annotations

Branches:
Dungeon (9/15)             Temple (1/1) D:6             Orc (2/2) D:9
   Lair: D:8-11         Elf: Orc:2

Altars:
Ashenzari
Cheibriados
Dithmenos
Elyvilon
Fedhas
Gozag
Hepliaklqana
Kikubaaqudgha
Makhleb
Nemelex Xobeh
Okawaru
Qazlal
Ru
Sif Muna
Trog
Uskayaw
Vehumet
Wu Jian
Xom
Yredelemnul
Zin
The Shining One

Shops:
D:2 (   D:9 ?


Innate Abilities, Weirdness & Mutations

You are too large for most types of armour.
You have claws for hands.
Your natural rate of healing is unusually fast.
You are covered in fur. (AC +1)
You have tough skin. (AC +1)
You are partially covered in iridescent scales. (AC +2)
Your mind is acute. (Int +4, Str/Dex -1)
You have hidden genetic potential.
Your spells are a little easier to cast, but a little less powerful.


Message History

You block the two-headed ogre's attack.
Blink to where?
Press: ? - help, Dir - move target
As you read the scroll of blinking, it crumbles to dust.
The orc knight roars a battlecry!
You hear a shout!
Unknown command.
Aiming: Throw Flame
Press: ? - help, Shift-Dir - straight line, f - orc knight
Aim: an orc knight, wielding a +0 long sword and wearing a +0 plate armour (almost dead, 71% to hit)
The puff of flame hits the orc knight!
You kill the orc knight!
Unknown command.
Aiming: Iceblast
Press: ? - help, Shift-Dir - straight line, f - ogre
Aim: an ogre, wielding a +0 giant club The mass of ice explodes!
The iceblast engulfs the ogre!!
The ogre is almost dead.
The iceblast engulfs the two-headed ogre!
The two-headed ogre is moderately wounded.
You hear a shout! x8
Unknown command.
Aiming: Iceblast
Press: ? - help, Shift-Dir - straight line, f/p - ogre
Aim: an ogre, wielding a +0 giant club (almost dead)
The mass of ice explodes!
The iceblast engulfs the ogre!
You kill the ogre!
The iceblast engulfs the two-headed ogre!
The two-headed ogre is moderately wounded.
You hear a shout! x10
Throw: 3 javelins
Press: ? - help, Q - select action, (/) - cycle Shift-Dir - straight line, f - two-headed ogre
Aim: a two-headed ogre, wielding a +0 giant spiked club and a +0 dire flail (moderately wounded, 71% to hit)
You throw a javelin.
The javelin pierces through the two-headed ogre!
The two-headed ogre is heavily wounded.
You suddenly lose the ability to move!
The two-headed ogre hits you with a +0 giant spiked club!!
You die...
Your body crumbles into a pile of gold.

##.#......#.........
#.................####
#...................8.
#....#...............
##..#))).....$(....{.
#...)#........$....oO
##.).###....$....#..8.
#...#####O.......# #
##.#.#.#@#$#........
##.......#........#
##....#.###.#....##
#.........#......#
##................#
#........#......
##.....<).......
#.....)).......
#....)))....#..


You could see a two-headed ogre.

Vanquished Creatures
  A boulder beetle (D:7)
  2 orc knights
  Joseph (D:8)
  A gargoyle (D:9)
  Maggie (D:8)
  4 kobold demonologists (D:9)
  A hornet (D:9)
  3 trolls
  A slime creature (D:7)
  A vampire (D:7)
  A wyvern (D:8)
  13 yaks
  A human (D:7)
  Duvessa (D:6)
  14 orc warriors
  A water moccasin (D:7)
  A sky beast (D:7)
  5 ogres
  A black bear (D:8)
  2 centaurs
  2 kobold brigands (D:9)
  4 bullfrogs
  Blork the orc (D:5)
  A gnoll sergeant (D:7)
  4 wights (D:9)
  Dowan (D:6)
  10 killer bees (D:9)
  A quasit (D:5)
  A jelly (D:5)
  A bombardier beetle (D:7)
  8 orc priests
  2 hounds (D:6)
  3 sleepcaps
  3 iguanas
  15 orc wizards
  Robin (D:2)
  4 gnolls (D:7)
  5 adders
  3 shadow imps
  2 ufetubi (D:7)
  5 ribbon worms
  2 dart slugs (D:1)
  28 orcs
  9 ball pythons
  9 endoplasms
  4 giant cockroaches (D:5)
  12 goblins
  8 hobgoblins
  4 jackals
  6 quokkas
  4 bats
  3 frilled lizards (D:2)
  A goblin skeleton (D:5)
  A goblin zombie (D:7)
  12 kobolds
  2 kobold zombies (D:5)
  An orc skeleton (D:5)
  3 rats (D:1)
242 creatures vanquished.

Notes
Turn   | Place    | Note
-------+----------+-------------------------------------------
     0 | D:1      | Dorkslayer the Troll Fighter began the quest for the Orb.
     0 | D:1      | Reached XP level 1. HP: 22/22 MP: 0/0
   361 | D:1      | Reached XP level 2. HP: 29/29 MP: 1/1
   984 | D:2      | Reached XP level 3. HP: 36/36 MP: 2/2
  1031 | D:2      | Found Ihiorr's Antique Weapon Emporium.
  1076 | D:2      | Noticed Robin
  1137 | D:2      | Killed Robin
  1138 | D:2      | Reached skill level 3 in Unarmed Combat
  1260 | D:2      | Reached XP level 4. HP: 44/44 MP: 3/3
  1999 | D:3      | Found a sacrificial altar of Ru.
  2097 | D:4      | Noticed a sky beast
  2158 | D:4      | Found a hide-covered altar of Uskayaw.
  2160 | D:4      | Found a shimmering altar of Xom.
  2292 | D:4      | Noticed an ogre
  2297 | D:4      | Killed an ogre
  2298 | D:4      | Reached skill level 4 in Unarmed Combat
  2298 | D:4      | Reached XP level 5. HP: 35/52 MP: 4/4
  2709 | D:4      | Reached XP level 6. HP: 33/59 MP: 5/5
  2836 | D:4      | Identified a scroll of acquirement
  2837 | D:4      | Acquired the +3 cloak "Itear" {Fly rPois rC- Int+6}
  3042 | D:5      | Entered Level 5 of the Dungeon
  3055 | D:5      | Reached skill level 5 in Unarmed Combat
  3057 | D:5      | You are sucked into a shaft and drop 3 floors!
  3120 | D:8      | Noticed Maggie
  3133 | D:8      | Killed Maggie
  3134 | D:8      | Reached skill level 1 in Stealth
  3134 | D:8      | Reached skill level 6 in Unarmed Combat
  3134 | D:8      | Reached XP level 7. HP: 58/67 MP: 6/6
  3160 | D:8      | Noticed a yak
  3161 | D:8      | Noticed a yak
  3162 | D:8      | Noticed a yak
  3162 | D:8      | Noticed a yak
  3165 | D:8      | Noticed a yak
  3167 | D:8      | Noticed a wyvern
  3170 | D:8      | Killed a yak
  3171 | D:8      | Reached skill level 7 in Unarmed Combat
  3194 | D:8      | Killed a yak
  3195 | D:8      | Reached XP level 8. HP: 63/76 MP: 7/7
  3198 | D:8      | Reached skill level 8 in Unarmed Combat
  3212 | D:8      | Reached skill level 9 in Unarmed Combat
  3504 | D:7      | Acquired 952 gold pieces
  3512 | D:6      | Reached skill level 1 in Throwing
  3581 | D:5      | Found a glowing golden altar of the Shining One.
  3651 | D:5      | Noticed Blork the orc
  3657 | D:5      | Killed Blork the orc
  3763 | D:5      | Reached XP level 9. HP: 84/84 MP: 8/8
  3843 | D:5      | Identified the +5 spear of the Enchanted Forest {drain,
                  | ^Drain Str+3}
  4100 | D:5      | Found the +7 Kryia's mail coat {PotionHeal*2 rC+}
  4449 | D:6      | Noticed Duvessa
  4452 | D:6      | Noticed Dowan
  4459 | D:6      | Killed Duvessa
  4469 | D:6      | Killed Dowan
  4757 | D:6      | Found a staircase to the Ecumenical Temple.
  4766 | Temple   | Entered the Ecumenical Temple
  4842 | Temple   | Became a worshipper of Gozag Ym Sagoz the Greedy
  5056 | D:7      | Reached skill level 1 in Shapeshifting
  5150 | D:7      | Found a glowing silver altar of Zin.
  5240 | D:7      | Reached skill level 1 in Axes
  5466 | D:7      | Found a runed translucent door.
  5475 | D:7      | Found a basalt altar of Yredelemnul.
  5561 | D:7      | Reached skill level 5 in Shields
  5566 | D:7      | Reached skill level 10 in Unarmed Combat
  5621 | D:7      | Reached skill level 1 in Evocations
  5931 | D:7      | Noticed a boulder beetle
  5938 | D:7      | Noticed a troll
  5942 | D:7      | Killed a troll
  5973 | D:7      | Killed a boulder beetle
  5974 | D:7      | Reached XP level 10. HP: 61/94 MP: 9/9
  6312 | D:8      | Noticed Joseph
  6324 | D:8      | Killed Joseph
  6325 | D:8      | Reached skill level 11 in Unarmed Combat
  6600 | D:9      | Identified the ring "Foboc" {Will+ Str+3 Int+3}
  6736 | D:9      | Noticed a gargoyle
  6790 | D:9      | Killed a gargoyle
  6791 | D:9      | Reached skill level 5 in Fighting
  6795 | D:9      | Found a staircase to the Orcish Mines.
  6826 | D:9      | Found Feuhienk's Magic Scroll Shop.
  6849 | D:9      | Bought a scroll of noise for 15 gold pieces
  6849 | D:9      | Bought a scroll of poison for 60 gold pieces
  6849 | D:9      | Bought a scroll of identify for 30 gold pieces
  6849 | D:9      | Bought a scroll of identify for 30 gold pieces
  6856 | D:9      | Gained mutation: Your spells are a little easier to cast,
                  | but a little less powerful. [potion of mutation]
  6856 | D:9      | Gained mutation: You are partially covered in iridescent
                  | scales. (AC +2) [potion of mutation]
  6856 | D:9      | Gained mutation: You have hidden genetic potential. [potion
                  | of mutation]
  6915 | D:9      | Reached skill level 12 in Unarmed Combat
  6992 | D:9      | Noticed a rust devil
  6997 | D:9      | Noticed a sixfirhy
  7256 | D:9      | Reached XP level 11. HP: 103/104 MP: 10/10
  7732 | Orc:1    | Entered Level 1 of the Orcish Mines
  8068 | Orc:1    | Noticed an orc knight
  8105 | Orc:1    | Killed an orc knight
  8226 | Orc:1    | Found a shimmering blue altar of Sif Muna.
  8240 | Orc:1    | Got Sif Muna's Directory of the Ground
  8283 | Orc:2    | Entered Level 2 of the Orcish Mines
  8337 | Orc:2    | Gained mutation: Your mind is acute. (Int +4, Str/Dex -1)
                  | [hidden potential]
  8389 | Orc:2    | Noticed an orc knight
  8394 | Orc:2    | Noticed a two-headed ogre
  8401 | Orc:2    | Noticed an ogre mage
  8403 | Orc:2    | Noticed a two-headed ogre
  8403 | Orc:2    | HP: 2/104 [two-headed ogre/+0 giant spiked club (25)]
  8405 | Orc:2    | Killed an orc knight
  8408 | Orc:2    | Paralysed by something for 4 turns
  8410 | Orc:2    | Demolished by a two-headed ogre

Illustrated notes

Levels and vault maps discovered:
D:1:      dpeg_arrival_simpleton_a, layout_loops_corners,
          ebering_dispersal_statue_hall
D:2:      minmay_wonky_spiral, layout_rooms, serial_shops,
          nicolae_shop_pleasant_corner_grove, uniq_robin
D:3:      layout_rooms, lemuel_coloured_pillars_altar
D:4:      layout_gridville, grunt_temple_overflow_open,
          minmay_fractal_squares_diagonal_5
D:5:      layout_cave_pools, nicolae_tso_besieged_by_evil, gup_sewer_entry_pipe,
          uniq_blork_the_orc
D:6:      layout_loops_ring, minmay_temple_entry_nine_rooms,
          small_statue_intersection, uniq_duvessa
D:7:      minmay_chambers_of_sixes, layout_loops_corners, dk_yredelemnul_ordeal,
          zin_treasury
D:8:      layout_layer_cave, uniq_maggie, uniq_joseph
D:9:      layout_long_grid, david_orc_3, serial_shops, shop, hex_tiny,
          grunt_ministairs_13, kennysheep_pointless_box
Temple:   nicolae_temple_elliptical
Orc:1:    layout_caves, basic_altar, nicolae_orc_sculptors_studio, led_sif_book
Orc:2:    grunt_orc_cross, layout_caves, serial_shops,
          nicolae_shop_tiny_statue_garden

Skill      XL: |  1  2  3  4  5  6  7  8  9 10 11 |
---------------+----------------------------------+-----
Shields        | 3 4 5 |  5.9
Unarmed Combat | 3 4 6 7 9 10 12 | 12.8
Dodging        | 3 4 |  4.2
Fighting       | 3 4 5 |  5.6
Stealth        | 1 |  1.9
Throwing       | 1 |  1.4
Shapeshifting  | 2 3 |  3.5
Axes           | 2 3 4 |  4.2
Evocations     | 1 2 3 |  3.3

Action                     |  1- 3 |  4- 6 |  7- 9 | 10-12 || total
---------------------------+-------+-------+-------+-------++-------
  Melee: Unarmed           |   109 |   104 |   185 |   287 ||   685
  Throw: Javelin           |       |     3 |     1 |     6 ||    10
  Evoke: Wand              |       |       |       |     7 ||     7
    Use: Scroll            |       |    17 |     5 |     6 ||    28
         Potion            |       |     1 |     2 |     3 ||     6
   Stab: Sleeping          |     1 |       |     2 |       ||     3
 Armour: Robe              |    80 |    45 |    72 |   127 ||   324
  Dodge: Dodged            |    43 |    19 |    52 |   117 ||   231
  Block: Kite shield       |    39 |    34 |   103 |   181 ||   357

Table legend: (Time is in decaauts)
 A = Elapsed time spent in this place.
 B = Non-inter-level travel time spent in this place.
 C = Inter-level travel time spent in this place.
 D = Time resting spent in this place.
 E = Time spent auto-exploring this place.
 F = Levels seen in this place.
 G = Mean time per level.
                   A        B        C        D        E       F      G
               +--------+--------+--------+--------+--------+-----+--------+
         Total |   8334 |   8223 |    111 |     22 |   3458 |  12 |  694.5 |
       Dungeon |   7584 |   7473 |    111 |     22 |   3297 |   9 |  842.7 |
        Temple |     89 |     89 |      0 |      0 |      0 |   1 |   89.0 |
  Orcish Mines |    659 |    659 |      0 |      0 |    161 |   2 |  329.5 |
               +--------+--------+--------+--------+--------+-----+--------+

Top non-repeatable levels by time:
     D:7: 1122 daAuts
     D:9: 1116 daAuts
     D:4: 1018 daAuts
     D:1: 971 daAuts
     D:8: 838 daAuts
     D:6: 760 daAuts
     D:5: 697 daAuts
     D:2: 587 daAuts
   Orc:1: 541 daAuts
     D:3: 472 daAuts
   Orc:2: 118 daAuts
  Temple: 89 daAuts
